TOP OF THE 1ST |
Athletic Club KC Academy batting - Pitching for Casper Ghosts : RHP Kris Daniel
|
Pitching: RHP Kris Daniel
|
|
Batting: SHB António Montés
|
0-0: Called Strike 0-1: Swinging Strike 0-2: Ground out 5-3 (Groundball, 6S)
|
Batting: RHB Allen Williams
|
0-0: Ball 1-0: Foul Ball, location: 2F 1-1: Foul Ball, location: 2F 1-2: Foul Ball, location: 2F 1-2: Fly out, F6 (Line Drive, 6)
|
Batting: RHB Dave Robertson
|
0-0: Ball 1-0: SINGLE (Flyball, 89S)
|
Batting: LHB Ed Hammond
|
0-0: Called Strike 0-1: Ball 1-1: Swinging Strike 1-2: Strikes out swinging
|
Top of the 1st over - 0 run(s), 1 hit(s), 0 error(s), 1 left on base; Athletic Club KC Academy 0 - Casper 0 |
BOTTOM OF THE 1ST |
Casper Ghosts batting - Pitching for Athletic Club KC Academy : RHP Jason Hamilton
|
Pitching: RHP Jason Hamilton
|
|
Batting: RHB Warner Robinson
|
0-0: Ball 1-0: Ball 2-0: Ball 3-0: Base on Balls
|
Batting: SHB Alonso Rodríguez
|
0-0: Ball 1-0: Ball 2-0: Ball 3-0: Called Strike 3-1: Foul Ball, location: 2F 3-2: Base on Balls Warner Robinson to second
|
Batting: RHB Lorenzo Díaz
|
0-0: Grounds into double play, 4-6-3 (Groundball, 4) Warner Robinson to third
|
Batting: RHB Phil Baker
|
0-0: Foul Ball, location: 2F 0-1: Foul Ball, location: 2F 0-2: Ball 1-2: Ball 2-2: Ball 3-2: Ground out 6-3 (Groundball, 6M)
|
Bottom of the 1st over - 0 run(s), 0 hit(s), 0 error(s), 1 left on base; Athletic Club KC Academy 0 - Casper 0 |
TOP OF THE 2ND |
Athletic Club KC Academy batting - Pitching for Casper Ghosts : RHP Kris Daniel
|
Batting: RHB Chris Teague
|
0-0: Ball 1-0: Fly out, F8 (Flyball, 8LM)
|
Batting: RHB Michael Walker
|
0-0: Ball 1-0: Ground out 2-3 (Groundball, 23)
|
Batting: RHB Bob Curry
|
0-0: Called Strike 0-1: Ground out 4-3 (Groundball, 4)
|
Top of the 2nd over - 0 run(s), 0 hit(s), 0 error(s), 0 left on base; Athletic Club KC Academy 0 - Casper 0 |
BOTTOM OF THE 2ND |
Casper Ghosts batting - Pitching for Athletic Club KC Academy : RHP Jason Hamilton
|
Batting: SHB José Juárez
|
0-0: DOUBLE (Line Drive, 7LM)
|
Batting: RHB Mark Davis
|
0-0: Ball 1-0: Ball 2-0: Called Strike 2-1: Foul Ball, location: 2F 2-2: Strikes out looking
|
Batting: RHB Dave Young
|
0-0: Swinging Strike 0-1: Ball 1-1: Ball 2-1: Ball 3-1: Base on Balls
|
Batting: RHB Juan García
|
0-0: Ball 1-0: Foul Ball, location: 2F 1-1: Fly out, F8 (Flyball, 8LXD) Runner from 2nd tags up, SAFE at 3rd, no throw
|
Batting: LHB Kyle Mann
|
0-0: Ground out U3 (Groundball, 3)
|
Bottom of the 2nd over - 0 run(s), 1 hit(s), 0 error(s), 2 left on base; Athletic Club KC Academy 0 - Casper 0 |
TOP OF THE 3RD |
Athletic Club KC Academy batting - Pitching for Casper Ghosts : RHP Kris Daniel
|
Batting: RHB Larry Johnston
|
0-0: Called Strike 0-1: Ball 1-1: Ball 2-1: SINGLE (Groundball, 34D)
|
Batting: RHB William Williams
|
0-0: Ball 1-0: Foul Ball, location: 2F 1-1: Ball 2-1: Ball 3-1: Base on Balls Larry Johnston to second
|
Batting: SHB António Montés
|
0-0: Ball 1-0: Foul Ball, location: 2F 1-1: Foul Ball, location: 2F 1-2: Fly out, F7 (Flyball, 7D)
|
Batting: RHB Allen Williams
|
0-0: Ball 1-0: Foul Ball, location: 2F 1-1: Foul Ball, location: 2F 1-2: Ball Wild Pitch! Larry Johnston to third William Williams to second 2-2: Strikes out swinging
|
Batting: RHB Dave Robertson
|
0-0: Foul Ball, location: 2F 0-1: Swinging Strike 0-2: Strikes out swinging
|
Top of the 3rd over - 0 run(s), 1 hit(s), 0 error(s), 2 left on base; Athletic Club KC Academy 0 - Casper 0 |
BOTTOM OF THE 3RD |
Casper Ghosts batting - Pitching for Athletic Club KC Academy : RHP Jason Hamilton
|
Batting: RHB Warner Robinson
|
0-0: Ground out 3-1 (Groundball, 34)
|
Batting: SHB Alonso Rodríguez
|
0-0: Ball 1-0: Foul Ball, location: 2F 1-1: Foul Ball, location: 2F 1-2: Ball 2-2: Fly out, F7 (Flyball, 7M)
|
Batting: RHB Lorenzo Díaz
|
0-0: Fly out, F7 (Flyball, 78M)
|
Bottom of the 3rd over - 0 run(s), 0 hit(s), 0 error(s), 0 left on base; Athletic Club KC Academy 0 - Casper 0 |
TOP OF THE 4TH |
Athletic Club KC Academy batting - Pitching for Casper Ghosts : RHP Kris Daniel
|
Batting: LHB Ed Hammond
|
0-0: Called Strike 0-1: Foul Ball, location: 2F 0-2: SINGLE (Line Drive, 9S)
|
Batting: RHB Chris Teague
|
0-0: Called Strike Ed Hammond steals 2nd base 0-1: Ball 1-1: SINGLE (Groundball, 56D) Ed Hammond to third Runner from 3rd tries for Home, throw and OUT! Chris Teague to second
|
Batting: RHB Michael Walker
|
0-0: Ball 1-0: Ball 2-0: Called Strike 2-1: Foul Ball, location: 2F 2-2: Ball 3-2: Base on Balls
|
Batting: RHB Bob Curry
|
0-0: Called Strike 0-1: Ball 1-1: Ball 2-1: Ball 3-1: Base on Balls Chris Teague to third Michael Walker to second
|
Batting: RHB Larry Johnston
|
0-0: Ball 1-0: Foul Ball, location: 2F 1-1: Called Strike 1-2: Ball 2-2: Strikes out looking
|
Batting: RHB William Williams
|
0-0: Ball 1-0: Ball 2-0: Foul Ball, location: 2F 2-1: Called Strike 2-2: Ball 3-2: Base on Balls Chris Teague scores Michael Walker to third Bob Curry to second
|
Batting: SHB António Montés
|
0-0: Called Strike 0-1: Called Strike 0-2: Ball Wild Pitch! Michael Walker scores Bob Curry to third William Williams to second 1-2: Ball 2-2: SINGLE (Groundball, 34D) Bob Curry scores William Williams to third Runner from 3rd tries for Home, SAFE, no throw or cutoff
|
Batting: RHB Allen Williams
|
0-0: Ball 1-0: Called Strike António Montés steals 2nd base 1-1: Fly out, F8 (Flyball, 8LXD)
|
Top of the 4th over - 4 run(s), 3 hit(s), 0 error(s), 1 left on base; Athletic Club KC Academy 4 - Casper 0 |
BOTTOM OF THE 4TH |
Casper Ghosts batting - Pitching for Athletic Club KC Academy : RHP Jason Hamilton
|
Batting: RHB Phil Baker
|
0-0: Foul Ball, location: 2F 0-1: Foul Ball, location: 2F 0-2: Ball 1-2: SINGLE (Line Drive, 3)
|
Batting: SHB José Juárez
|
0-0: Swinging Strike 0-1: Fly out, F8 (Flyball, 8LD)
|
Batting: RHB Mark Davis
|
0-0: Called Strike 0-1: Ball 1-1: Foul Ball, location: 2F 1-2: Foul Ball, location: 2F 1-2: Ball 2-2: Hit by Pitch Phil Baker to second
|
Batting: RHB Dave Young
|
0-0: SINGLE (Flyball, 89S) Phil Baker to third Mark Davis to second
|
Batting: RHB Juan García
|
0-0: Ball 1-0: Fly out, F3 (Popup, 3S)
|
Batting: LHB Kyle Mann
|
0-0: Ball Passed Ball! Phil Baker scores Mark Davis to third Dave Young to second 1-0: Swinging Strike 1-1: Ball 2-1: Swinging Strike 2-2: Foul Ball, location: 2F 2-2: Fly out, F7 (Flyball, 7S)
|
Bottom of the 4th over - 1 run(s), 2 hit(s), 0 error(s), 2 left on base; Athletic Club KC Academy 4 - Casper 1 |
TOP OF THE 5TH |
Athletic Club KC Academy batting - Pitching for Casper Ghosts : RHP Kris Daniel
|
Batting: RHB Dave Robertson
|
0-0: Ball 1-0: Called Strike 1-1: Ground out 5-3 (Groundball, 5)
|
Batting: LHB Ed Hammond
|
0-0: Called Strike 0-1: Ball 1-1: Ball 2-1: Foul Ball, location: 2F 2-2: Foul Ball, location: 2F 2-2: DOUBLE (Line Drive, 9LS)
|
Batting: RHB Chris Teague
|
0-0: Called Strike 0-1: Ground out 5-3 (Groundball, 5S) Ed Hammond to third
|
Batting: RHB Michael Walker
|
0-0: Called Strike 0-1: Ball 1-1: Foul Ball, location: 2F 1-2: Strikes out swinging
|
Top of the 5th over - 0 run(s), 1 hit(s), 0 error(s), 1 left on base; Athletic Club KC Academy 4 - Casper 1 |
BOTTOM OF THE 5TH |
Casper Ghosts batting - Pitching for Athletic Club KC Academy : RHP Jason Hamilton
|
Batting: RHB Warner Robinson
|
0-0: Fly out, F9 (Flyball, 9M)
|
Batting: SHB Alonso Rodríguez
|
0-0: Ball 1-0: Ball 2-0: Called Strike 2-1: Called Strike 2-2: SINGLE (Flyball, 8LS)
|
Batting: RHB Lorenzo Díaz
|
0-0: Ball 1-0: Grounds into double play, 6-4-3 (Groundball, 6)
|
Bottom of the 5th over - 0 run(s), 1 hit(s), 0 error(s), 0 left on base; Athletic Club KC Academy 4 - Casper 1 |
TOP OF THE 6TH |
Athletic Club KC Academy batting - Pitching for Casper Ghosts : RHP Kris Daniel
|
Batting: RHB Bob Curry
|
0-0: Ball 1-0: Fly out, F8 (Line Drive, 8RM)
|
Batting: RHB Larry Johnston
|
0-0: Ball 1-0: Ball 2-0: Called Strike 2-1: Ball 3-1: Foul Ball, location: 2F 3-2: Strikes out swinging
|
Batting: RHB William Williams
|
0-0: Foul Ball, location: 2F 0-1: Ball 1-1: Ball 2-1: Ground out 6-3 (Groundball, 4M)
|
Top of the 6th over - 0 run(s), 0 hit(s), 0 error(s), 0 left on base; Athletic Club KC Academy 4 - Casper 1 |
BOTTOM OF THE 6TH |
Casper Ghosts batting - Pitching for Athletic Club KC Academy : RHP Jason Hamilton
|
Batting: RHB Phil Baker
|
0-0: Ball 1-0: Foul Ball, location: 2F 1-1: Called Strike 1-2: Ball 2-2: Ground out 6-3 (Groundball, 6)
|
Batting: SHB José Juárez
|
0-0: Foul Ball, location: 2F 0-1: Foul Ball, location: 2F 0-2: Ball 1-2: Fly out, F7 (Line Drive, 78D)
|
Batting: RHB Mark Davis
|
0-0: Fly out, F4 (Popup, 3)
|
Bottom of the 6th over - 0 run(s), 0 hit(s), 0 error(s), 0 left on base; Athletic Club KC Academy 4 - Casper 1 |
TOP OF THE 7TH |
Athletic Club KC Academy batting - Pitching for Casper Ghosts : RHP Kris Daniel
|
Pitching: RHP Robert Bell
|
|
Batting: SHB António Montés
|
0-0: Swinging Strike 0-1: Ball 1-1: Swinging Strike 1-2: Foul Ball, location: 2F 1-2: Ball 2-2: Foul Ball, location: 2F 2-2: Strikes out swinging, 2-3 out at first.
|
Batting: RHB Allen Williams
|
0-0: Ball 1-0: Ground out 5-3 (Groundball, 5S)
|
Batting: RHB Dave Robertson
|
0-0: Ball 1-0: Swinging Strike 1-1: Ball 2-1: Foul Ball, location: 2F 2-2: DOUBLE (Flyball, 78XD)
|
Batting: LHB Ed Hammond
|
0-0: TRIPLE (Groundball, 3D) Dave Robertson scores
|
Batting: RHB Chris Teague
|
0-0: Ball 1-0: Called Strike 1-1: Ball 2-1: Ball 3-1: Foul Ball, location: 2F 3-2: Base on Balls
|
Batting: RHB Michael Walker
|
0-0: Ball Wild Pitch! Ed Hammond scores Chris Teague to second 1-0: Swinging Strike 1-1: Foul Ball, location: 2F 1-2: Ground out 4-3 (Groundball, 4)
|
Top of the 7th over - 2 run(s), 2 hit(s), 0 error(s), 1 left on base; Athletic Club KC Academy 6 - Casper 1 |
BOTTOM OF THE 7TH |
Casper Ghosts batting - Pitching for Athletic Club KC Academy : RHP Jason Hamilton
|
Batting: RHB Dave Young
|
0-0: Called Strike 0-1: Ball 1-1: Swinging Strike 1-2: Ball 2-2: Strikes out looking
|
Batting: RHB Juan García
|
0-0: Ball 1-0: Ball 2-0: Called Strike 2-1: Ball 3-1: Foul Ball, location: 2F 3-2: Foul Ball, location: 2F 3-2: Base on Balls
|
Batting: LHB Kyle Mann
|
0-0: Called Strike 0-1: Grounds into double play, 6-4-3 (Groundball, 6M)
|
Bottom of the 7th over - 0 run(s), 0 hit(s), 0 error(s), 0 left on base; Athletic Club KC Academy 6 - Casper 1 |
TOP OF THE 8TH |
Athletic Club KC Academy batting - Pitching for Casper Ghosts : RHP Robert Bell
|
Batting: RHB Bob Curry
|
0-0: Ball 1-0: Called Strike 1-1: Swinging Strike 1-2: Ball 2-2: Foul Ball, location: 2F 2-2: Ball 3-2: Base on Balls
|
Batting: RHB Larry Johnston
|
0-0: Ball 1-0: Sac Bunt - play at first, batter OUT! 1-3 Bob Curry to second
|
Batting: RHB William Williams
|
0-0: Called Strike 0-1: Ball 1-1: Swinging Strike 1-2: Ball 2-2: Strikes out swinging
|
Batting: SHB António Montés
|
0-0: SINGLE (Groundball, 56D) Bob Curry to third Runner from 3rd tries for Home, SAFE, no throw or cutoff
|
Pitching: RHP Ethan Martin
|
|
Batting: RHB Allen Williams
|
0-0: Ball António Montés steals 2nd base 1-0: DOUBLE (Flyball, 8LXD) António Montés scores
|
Batting: RHB Dave Robertson
|
0-0: Ball 1-0: Called Strike 1-1: SINGLE (Popup, 34D) Allen Williams to third Runner from 3rd tries for Home, SAFE, throw made home
|
Batting: LHB Ed Hammond
|
0-0: Ball 1-0: Called Strike 1-1: Foul Ball, location: 2F 1-2: Ball 2-2: Ball 3-2: Base on Balls Dave Robertson to second
|
Batting: RHB Chris Teague
|
0-0: Called Strike 0-1: Ball 1-1: Ball 2-1: Ball 3-1: Base on Balls Dave Robertson to third Ed Hammond to second
|
Batting: RHB Michael Walker
|
0-0: Called Strike 0-1: Ball 1-1: Ball 2-1: Called Strike 2-2: Foul Ball, location: 2F 2-2: Strikes out swinging
|
Top of the 8th over - 3 run(s), 3 hit(s), 0 error(s), 3 left on base; Athletic Club KC Academy 9 - Casper 1 |
BOTTOM OF THE 8TH |
Casper Ghosts batting - Pitching for Athletic Club KC Academy : RHP Jason Hamilton
|
Now in LF: Mike Lovell
|
|
Now in RF: José Durán
|
|
Batting: RHB Warner Robinson
|
0-0: Called Strike 0-1: Foul Ball, location: 2F 0-2: Fly out, F9 (Flyball, 9LM)
|
Batting: SHB Alonso Rodríguez
|
0-0: Called Strike 0-1: Ball 1-1: Swinging Strike 1-2: Strikes out swinging
|
Batting: RHB Lorenzo Díaz
|
0-0: Called Strike 0-1: Foul Ball, location: 2F 0-2: Ball 1-2: Foul Ball, location: 2F 1-2: Foul Ball, location: 2F 1-2: Ball 2-2: Reached on error, E6 (Groundball, 6)
|
Pitching: LHP John McCord
|
|
Batting: RHB Phil Baker
|
0-0: Ball 1-0: Ball 2-0: Ball 3-0: Base on Balls Lorenzo Díaz to second
|
Batting: SHB José Juárez
|
0-0: Fly out, F3 (Popup, 3F)
|
Bottom of the 8th over - 0 run(s), 0 hit(s), 1 error(s), 2 left on base; Athletic Club KC Academy 9 - Casper 1 |
TOP OF THE 9TH |
Athletic Club KC Academy batting - Pitching for Casper Ghosts : RHP Ethan Martin
|
Batting: RHB Bob Curry
|
0-0: Called Strike 0-1: Ball 1-1: Called Strike 1-2: Ball 2-2: Foul Ball, location: 2F 2-2: Ball 3-2: Ground out 3-1 (Groundball, 34)
|
Batting: RHB Mike Lovell
|
0-0: Ball 1-0: Called Strike 1-1: Swinging Strike 1-2: Strikes out swinging
|
Batting: LHB José Durán
|
0-0: Called Strike 0-1: Ball 1-1: SINGLE (Groundball, 4M) (infield hit)
|
Batting: SHB António Montés
|
0-0: Called Strike José Durán is caught stealing 2nd base
|
Top of the 9th over - 0 run(s), 1 hit(s), 0 error(s), 0 left on base; Athletic Club KC Academy 9 - Casper 1 |
BOTTOM OF THE 9TH |
Casper Ghosts batting - Pitching for Athletic Club KC Academy : LHP John McCord
|
Batting: RHB Mark Davis
|
0-0: Ball 1-0: Ball 2-0: Ball 3-0: Called Strike 3-1: Foul Ball, location: 2F 3-2: Foul Ball, location: 2F 3-2: Strikes out swinging
|
Batting: RHB Dave Young
|
0-0: Called Strike 0-1: Ground out 5-3 (Groundball, 5)
|
Batting: RHB Juan García
|
0-0: Ball 1-0: Swinging Strike 1-1: Called Strike 1-2: Ball 2-2: Strikes out looking
|
Bottom of the 9th over - 0 run(s), 0 hit(s), 0 error(s), 0 left on base; Athletic Club KC Academy 9 - Casper 1 |
|